 Dungeon Crawl Stone Soup version 0.24.0-123-gd5b16e6ec5 (webtiles) character file.

Game seed: 16664370402933874201, levelgen mode: deterministic

485 Norian the Magician (level 6, -1/32 HPs)
             Began as a Deep Elf Conjurer on Dec 23, 2019.
             Slain by Crazy Yiuf
             ... wielding a +4 quarterstaff of chaos
              (9 damage)
             ... on level 3 of the Dungeon.
             The game lasted 00:04:25 (3743 turns).

Norian the Magician (Deep Elf Conjurer)             Turns: 3743, Time: 00:04:26

Health: -1/32      AC:  6    Str:  7    XL:     6   Next: 88%
Magic:  1/17       EV: 13    Int: 20    God:
Gold:   139        SH:  0    Dex: 15    Spells: 9/18 levels left

rFire    . . .     SeeInvis .   q - +0 scythe
rCold    + . .     Gourm    .   (shield currently unavailable)
rNeg     . . .     Faith    .   a - +0 robe
rPois    .         Spirit   .   (no helmet)
rElec    .         Reflect  .   (no cloak)
rCorr    .         Harm     .   (no gloves)
MR       .....                  v - +0 pair of boots
Stlth    ++........             (no amulet)
HPRegen  0.10/turn              i - +3 ring of protection
MPRegen  0.15/turn              o - ring of protection from cold

@: very slightly contaminated
A: no striking features
a: no special abilities


You were on level 3 of the Dungeon.
You were very hungry.

You visited 1 branch of the dungeon, and saw 3 of its levels.

You collected 139 gold pieces.

Inventory:

Hand Weapons
 q - a +0 scythe (weapon)
Armour
 a - a +0 robe (worn)
 v - a +0 pair of boots (worn)
Jewellery
 i - a +3 ring of protection (left hand)
 m - an uncursed ring of positive energy
 o - a ring of protection from cold (right hand)
 s - an uncursed ring of fire
Wands
 l - a wand of random effects (27)
Scrolls
 b - 2 scrolls of teleportation {unknown}
 f - a scroll of enchant weapon {unknown}
 g - 3 scrolls of identify {unknown}
 j - 2 scrolls of immolation {unknown}
 k - a scroll of blinking {unknown}
 n - a scroll of amnesia {unknown}
 p - a scroll of fog {unknown}
Potions
 d - 3 potions of agility {unknown}
 e - a potion of flight {unknown}
 h - a potion of heal wounds {unknown}
 r - a potion of resistance {unknown}
 t - a potion of mutation {unknown}
 u - a potion of haste {unknown}
Comestibles
 c - 11 rations


   Skills:
 - Level 2.4 Dodging
 - Level 2.4 Stealth
 + Level 6.9 Spellcasting
 + Level 6.8 Conjurations
 + Level 3.2 Hexes


You had 9 spell levels left.
You knew the following spells:

 Your Spells              Type           Power        Failure   Level  Hunger
a - Magic Dart            Conj           ####         1%          1    None
b - Iskenderun's Mystic   Conj           ####....     6%          4    ###....
c - Fulminant Prism       Conj/Hex       ####......   12%         4    ###....

Your spell library contained the following spells:

 Spells                   Type           Power        Failure   Level  Hunger
 Searing Ray              Conj           ####..       1%          2    None
 Dazzling Spray           Conj/Hex       ####..       3%          3    #......
 Force Lance              Conj/Tloc      ###.....     24%         4    ###....


Dungeon Overview and Level Annotations

Branches:
Dungeon (3/15)

Altars:
Cheibriados
Fedhas
Gozag
Hepliaklqana
Kikubaaqudgha
Okawaru
Sif Muna
Uskayaw
Xom
Zin

Annotations:
D:3 Crazy Yiuf


Message History

* * * LOW HITPOINT WARNING * * *
Casting: Iskenderun's Mystic Blast (safe; 6% risk of failure)
Confirm with . or Enter, or press ? or * to list all spells.
Aiming: Iskenderun's Mystic Blast (safe; 6% risk of failure)
Press: ? - help, Shift-Dir - straight line, f/p - Crazy Yiuf
Aim: Crazy Yiuf, wielding a +4 quarterstaff of chaos and wearing a +0 cloak (heavily wounded)
The orb of energy hits Crazy Yiuf.
Crazy Yiuf is severely wounded.
Crazy Yiuf closely misses you.
Unknown command.
Casting: Iskenderun's Mystic Blast (safe; 6% risk of failure)
Confirm with . or Enter, or press ? or * to list all spells.
Aiming: Iskenderun's Mystic Blast (safe; 6% risk of failure)
Press: ? - help, Shift-Dir - straight line, f/p - Crazy Yiuf
Aim: Crazy Yiuf, wielding a +4 quarterstaff of chaos and wearing a +0 cloak (severely wounded)
You miscast Iskenderun's Mystic Blast.
You are very lightly contaminated with residual magic.
Strange energies run through your body.
Crazy Yiuf hits you with a +4 quarterstaff of chaos!
You die...

#####...).......# #.#............
#...........# #.##.#......... #
#...........# #.##.#......... #
#....######## #######...####.
#####..### #........ ##.......#
#........ .........# ###
####...##### ##..#.#### #)..###
##......# # #....#
#...g@####.......# # #.####
#...##..#........# # #.# ###
###.#.......##### #.#
#######........ #.# #...##### #.#
####........ #.# #........... #.#
####.#.#####
##.######################.#.#####


You could see Crazy Yiuf.

Vanquished Creatures
  Grinder (D:3)
  Sigmund (D:2)
  An orc wizard (D:3)
  3 gnolls (D:3)
  3 adders
  An ooze (D:1)
  A leopard gecko (D:1)
  14 orcs (D:3)
  A ball python (D:3)
  2 goblins
  8 hobgoblins
  6 kobolds
  A quokka (D:2)
  8 bats
  2 frilled lizards
  9 rats
62 creatures vanquished.

Notes
Turn   | Place    | Note
-------+----------+-------------------------------------------
     0 | D:1      | Norian the Deep Elf Conjurer began the quest for the Orb.
     0 | D:1      | Reached XP level 1. HP: 10/10 MP: 6/6
   160 | D:1      | Reached XP level 2. HP: 15/15 MP: 2/8
  1006 | D:1      | Reached skill level 5 in Conjurations
  1006 | D:1      | Reached XP level 3. HP: 19/19 MP: 6/10
  1088 | D:2      | Found a glowing silver altar of Zin.
  1088 | D:2      | Found an opulent altar of Gozag.
  1324 | D:2      | Found a shimmering altar of Xom.
  1602 | D:2      | Noticed Sigmund
  1619 | D:2      | Killed Sigmund
  1619 | D:2      | Reached skill level 5 in Spellcasting
  1619 | D:2      | Reached XP level 4. HP: 15/24 MP: 0/13
  1619 | D:2      | Reached XP level 5. HP: 18/28 MP: 0/15
  1625 | D:2      | Learned a level 4 spell: Iskenderun's Mystic Blast
  1630 | D:2      | Learned a level 4 spell: Fulminant Prism
  2008 | D:3      | Noticed Grinder
  2496 | D:3      | Reached skill level 1 in Hexes
  2945 | D:3      | Paralysed by Grinder for 7 turns
  2960 | D:3      | Killed Grinder
  2960 | D:3      | Reached XP level 6. HP: 32/32 MP: 0/17
  3197 | D:3      | Found a hide-covered altar of Uskayaw.
  3197 | D:3      | Found an ancient bone altar of Kikubaaqudgha.
  3500 | D:3      | Found a runed translucent door.
  3501 | D:3      | Noticed Crazy Yiuf
  3539 | D:3      | Found an iron altar of Okawaru.
  3539 | D:3      | Found a hazy altar of Hepliaklqana.
  3544 | D:3      | Found a blossoming altar of Fedhas.
  3546 | D:3      | Found a shimmering blue altar of Sif Muna.
  3548 | D:3      | Found a snail-covered altar of Cheibriados.
  3743 | D:3      | Slain by Crazy Yiuf

Levels and vault maps discovered:
D:1:      co_arrival_random_square_maze, layout_basic, minmay_misc_feat_alley,
          wander_ebering_terrifying_dragon_lair
D:2:      layout_loops_corners, grunt_temple_overflow_gold_and_silver,
          old_standard_altar, first_ration, uniq_sigmund
D:3:      layout_basic, gammafunk_temple_overflow_elements,
          chequers_temple_overflow_minitemple, grunt_decor_fettered,
          uniq_crazy_yiuf_cottage, uniq_grinder

Skill      XL: |  1  2  3  4  5 |
---------------+----------------+-----
Spellcasting   | 4 5 6 |  6.9
Conjurations   | 5 6 |  6.8
Hexes          | 3 |  3.2
Dodging        | |  2.4
Stealth        | |  2.4

Action                   |  1- 3 |  4- 6 || total
-------------------------+-------+-------++-------
 Cast: Magic Dart        |    73 |    81 ||   154
       Iskenderun's Myst |       |    13 ||    13
  Eat: Chunk             |     1 |     8 ||     9
Armor: Robe              |       |     2 ||     2
Dodge: Dodged            |     8 |     7 ||    15
